 Dungeon Crawl Stone Soup version 0.31-a0-728-g01b46875f1 (webtiles) character file.

Game seed: 18183563430052262896

186 microfolk the Charlatan (level 5, -7/32 HPs)
             Began as a Kobold Artificer on Sept 11, 2023.
             Mangled by a gnoll
             ... wielding a +0 flail
              (9 damage)
             ... on level 3 of the Dungeon.
             The game lasted 00:10:51 (2346 turns).

microfolk the Charlatan (Kobold Artificer)          Turns: 2346, Time: 00:10:52

Health: -7/32      AC:  8    Str:  9    XL:     5   Next: 98%
Magic:  5/5        EV: 11    Int: 13    God:
Gold:   118        SH:  0    Dex: 17    Spells: 2/4 levels left

rFire   + . .        k - +9 spear "Ivirhum" {holy, rF+}
rCold   . . .        (no shield)
rNeg    . . .        r - +1 scale mail {Will+}
rPois   .            (no helmet)
rElec   .            (no cloak)
rCorr   .            (no gloves)
SInv    .            o - +0 pair of boots
Will    +....        (no amulet)
Stlth   ++           (no ring)
HPRegen 0.25/turn    (no ring)
MPRegen 0.09/turn

%: no passive effects
@: no status effects
A: small, no large weapons, nightstalker 3
a: no special abilities


You were on level 3 of the Dungeon.
You visited 1 branch of the dungeon, and saw 3 of its levels.

You collected 118 gold pieces.

Inventory:

Hand Weapons
 k - the +9 spear "Ivirhum" (weapon) {holy, rF+}
   (You found it on level 2 of the Dungeon)

   rF+:       It protects you from fire.
Missiles
 a - 8 stones (quivered)
Armour
 b - a +0 leather armour
 n - a +0 ring mail
 o - a +0 pair of boots (worn)
 r - a +1 scale mail of willpower (worn)
Talismans
 j - a flux talisman
Wands
 c - a wand of flame (12)
 d - a wand of charming (15)
 e - a wand of iceblast (5)
Scrolls
 f - a scroll of identify {@r1}
 g - a scroll of amnesia {unknown}
 h - a scroll of poison
 i - a scroll of revelation {unknown}
 l - 2 scrolls of teleportation {unknown}
 m - a scroll of fog {unknown}
 p - a scroll of silence {unknown}
Potions
 q - 2 potions of enlightenment


   Skills:
 + Level 2.8 Fighting
 - Level 0.2 Polearms
 - Level 0.7 Armour
 + Level 3.8 Dodging
 + Level 3.4 Stealth
 * Level 1.1 Poison Magic
 - Level 5.0 Evocations


You had 2 spell levels left.
You knew the following spells:

 Your Spells              Type           Power      Damage    Failure   Level
a - Poisonous Vapours     Pois/Air       2%         N/A       97%         2

Your spell library contained the following spells:

 Spells                   Type           Power      Damage    Failure   Level
 Sting                    Tmut/Pois      4%         1d3       91%         1
 Olgreb's Toxic Radiance  Pois           2%         N/A       100%        4


Dungeon Overview and Level Annotations

Branches:
Dungeon (3/15)

Altars:
Trog
Vehumet
Xom
Yredelemnul

Shops:
D:3 =


Innate Abilities, Weirdness & Mutations

You are small and have problems with some larger weapons.
You are completely attuned to the shadows.


Message History

The gnoll hits you but does no damage.
A gnoll comes into view. It is wielding a +0 flail.
The gnoll hits you but does no damage. The gnoll attacks as it pursues you!
The gnoll completely misses you.
You barely miss the gnoll.
The gnoll is almost dead.
The gnoll misses you.
You completely miss the gnoll.
The gnoll is almost dead.
The gnoll barely misses you.
The gnoll hits you from afar with a +0 spear.
You closely miss the gnoll.
The gnoll is almost dead.
The gnoll hits you with a +0 whip.
The gnoll hits you from afar with a +0 spear.
* * * LOW HITPOINT WARNING * * *
Unknown command.
You puncture the gnoll!
You kill the gnoll!
The gnoll hits you but does no damage. The gnoll hits you with a +0 spear.
* * * LOW HITPOINT WARNING * * *
You see here a +0 whip.
You puncture the gnoll!
The gnoll is heavily wounded.
The gnoll hits you but does no damage.
You puncture the gnoll!
You kill the gnoll!
Your Poison Magic skill increases to level 1!
You hit the gnoll.
The gnoll is lightly wounded.
The gnoll barely misses you. x2
You hit the gnoll.
The gnoll is moderately wounded.
The gnoll hits you with a +0 flail!
* * * LOW HITPOINT WARNING * * *
You hit the gnoll.
The gnoll is severely wounded.
The gnoll hits you with a +0 flail!
You die...

##...#.##.#
#.##.## ##...#
.....#.##.#
#.#..# ...#.#.#
g..b.#.##...
#.#... #..#...#
.#...#...##..#.##
##.##.#.# .#.....
b
g....####..#..#†#
.......
.#..........##.#
##..
....#.....#.###.#
# ..
##g##g###.#.# #
... #@# #.#.# ##
#.# #.#.# #...#
#.#.# #.### #.#.#
... #.#.### ##
#....[# #######


You could see a gnoll.

Vanquished Creatures
  An orc priest (D:3)
  An orc wizard (D:3)
  3 gnolls (D:3)
  3 adders
  2 dart slugs
  2 orcs (D:3)
  7 ball pythons
  9 bats
  4 endoplasms
  4 giant cockroaches
  6 goblins
  3 hobgoblins
  9 kobolds
  3 quokkas
  7 frilled lizards
  8 rats
  A butterfly (D:3)
73 creatures vanquished.

Notes
Turn   | Place    | Note
-------+----------+-------------------------------------------
     0 | D:1      | microfolk the Kobold Artificer began the quest for the Orb.
     0 | D:1      | Reached XP level 1. HP: 12/12 MP: 1/1
   102 | D:1      | Reached XP level 2. HP: 12/16 MP: 2/2
   163 | D:1      | Reached skill level 4 in Evocations
   506 | D:1      | Reached XP level 3. HP: 20/20 MP: 3/3
   936 | D:2      | Identified the +9 spear "Ivirhum" {holy, rF+}
  1161 | D:2      | Reached XP level 4. HP: 26/26 MP: 4/4
  1368 | D:2      | Found a bloodstained altar of Trog.
  1587 | D:3      | Learned a level 2 spell: Poisonous Vapours
  1606 | D:3      | Found Xitas's Jewellery Shop.
  1667 | D:3      | Reached XP level 5. HP: 10/31 MP: 5/5
  1770 | D:3      | Reached skill level 5 in Evocations
  1989 | D:3      | Found a radiant altar of Vehumet.
  1989 | D:3      | Found a basalt altar of Yredelemnul.
  2120 | D:3      | Found a shimmering altar of Xom.
  2344 | D:3      | Reached skill level 1 in Poison Magic
  2346 | D:3      | Mangled by a gnoll

Illustrated notes

Levels and vault maps discovered:
D:1:      moated_graveyard_arrival, layout_basic
D:2:      layout_rooms, basic_altar
D:3:      layout_basic, nicolae_overflow_two_pavilions, xom_butterflies,
          serial_shops, shop, minmay_close_crescents

Skill      XL: |  1  2  3  4  5 |
---------------+----------------+-----
Evocations     | 4 5 |  5.0
Stealth        | 2 3 |  3.4
Dodging        | 3 |  3.8
Fighting       | 2 |  2.8
Poison Magic   | 1 |  1.1
Polearms       | |  0.2
Armour         | |  0.7

Action                     |  1- 3 |  4- 6 || total
---------------------------+-------+-------++-------
  Melee: Dagger            |   130 |       ||   130
         Club              |     2 |       ||     2
         Punch             |     1 |       ||     1
         Spear             |     4 |    79 ||    83
  Throw: Stone             |    10 |     2 ||    12
  Evoke: Wand              |     2 |     1 ||     3
    Use: Scroll            |       |     2 ||     2
   Stab: Sleeping          |     8 |     9 ||    17
         Distracted        |     3 |       ||     3
 Armour: Leather armour    |    61 |       ||    61
         Ring mail         |       |    35 ||    35
         Scale mail        |       |    11 ||    11
  Dodge: Dodged            |   108 |    28 ||   136

Table legend: (Time is in decaauts)
 A = Elapsed time spent in this place.
 B = Non-inter-level travel time spent in this place.
 C = Inter-level travel time spent in this place.
 D = Time resting spent in this place.
 E = Time spent auto-exploring this place.
 F = Levels seen in this place.
 G = Mean time per level.
                   A        B        C        D        E       F      G
               +--------+--------+--------+--------+--------+-----+--------+
         Total |   2358 |   2268 |     90 |    206 |   1216 |   3 |  786.0 |
       Dungeon |   2358 |   2268 |     90 |    206 |   1216 |   3 |  786.0 |
               +--------+--------+--------+--------+--------+-----+--------+

Top non-repeatable levels by time:
     D:1: 901 daAuts
     D:3: 782 daAuts
     D:2: 674 daAuts
